 Dungeon Crawl Stone Soup version 0.24.0-13-gcf9b319 (webtiles) character file.

Game seed: 2657212081869134307, levelgen mode: deterministic

168 Calico the Scratcher (level 5, 25/25 HPs)
             Began as a Felid Berserker on Feb 4, 2020.
             Was a Believer of Trog.
             Quit the game on level 4 of the Dungeon.
             The game lasted 00:30:55 (2281 turns).

Calico the Scratcher (Felid Berserker)              Turns: 2281, Time: 00:30:55

Health: 25/25      AC:  2    Str: 15    XL:     5   Next: 23%
Magic:  6/6        EV: 22    Int:  9    God:    Trog [**....]
Gold:   198        SH:  0    Dex: 15    Spells: 4/4 levels left
                                        Lives:  0   Deaths: 2

rFire    . . .     SeeInvis +     - Unarmed
rCold    . . .     Gourm    .   (shield unavailable)
rNeg     . . .     Faith    .   (armour unavailable)
rPois    .         Spirit   .   (helmet unavailable)
rElec    .         Reflect  .   (cloak unavailable)
rCorr    .         Harm     .   (gloves unavailable)
MR       .....                  (boots unavailable)
Stlth    ++........             l - amulet of the acrobat
HPRegen  0.08/turn              (no ring)
MPRegen  0.10/turn              (no ring)

@: quick
A: very small, no armour, no weapons or thrown items, stealth, claws 1, fangs 3,
see invisible, carnivore, speed 1, shaggy fur 2, slow metabolism 1, sharp paws
a: Berserk, Trog's Hand, Renounce Religion


You were on level 4 of the Dungeon.
You worshipped Trog.
Trog was pleased with you.
You were not hungry.

You visited 1 branch of the dungeon, and saw 6 of its levels.

You collected 198 gold pieces.

Inventory:

Jewellery
 l - an amulet of the acrobat (around neck)
Scrolls
 b - 3 scrolls of remove curse {unknown}
 c - a scroll of blinking {unknown}
 d - 2 scrolls of fear {unknown}
 g - a scroll of teleportation {unknown}
 h - 3 scrolls of identify {unknown}
Potions
 e - a potion of invisibility {unknown}
 f - 4 potions of heal wounds {unknown}
 i - a potion of lignification {unknown}
 k - a potion of ambrosia
Comestibles
 a - 6 rations
 j - 8 chunks of flesh


   Skills:
 + Level 3.8 Fighting
 + Level 6.7 Dodging
 + Level 6.7 Unarmed Combat


You had 4 spell levels left.
You didn't know any spells.
Your spell library was empty.

Dungeon Overview and Level Annotations

Branches:
Dungeon (6/15)             Temple (0/1) D:4

Altars:
Ru


Innate Abilities, Weirdness & Mutations

You cannot wear armour.
You are incapable of wielding weapons or throwing items.
Your paws allow you to move quietly. (Stealth)
You have sharp claws.
You have razor-sharp teeth.
You have supernaturally acute eyesight. (SInv)
You are carnivorous and can eat meat at any time.
You cover ground quickly.
You are covered in thick fur. (AC +2)
You have a slow metabolism.
Your sharp claws are effective at attacking unaware monsters.


Message History

Trog accepts your kill.
You see here an adder corpse.
You butcher the adder corpse.
j - 8 chunks of flesh (gained 2)
You see here an adder skeleton.
Found a ration.
a - 6 rations (gained 1)
Found a flail.
An ogre comes into view. It is wielding a +0 giant spiked club.
You claw the ogre!
The ogre is moderately wounded.
You scratch the ogre.
The ogre is heavily wounded.
The ogre hits you with a +0 giant spiked club!!
Ouch! That really hurt!
You die...
You are now level 5!
You rejoin the land of the living...
Found 16 gold pieces.
Are you sure you want to abandon this character and quit the game? (Confirm with "yes".)

#.# #.# #.# ##'##
###.# ##...#
#####...## ##..[..
#........# ##.....)
#.##....†####[......
#.........))).....
#......####.......
#@.....# ##......
##...#.# ##.....
.......# ##...#
........# ##'##
#.##.##.# #...
$##.########.#. ..
.......... ##
#..##...# #..##...#


There were no monsters in sight!

Vanquished Creatures
  A water moccasin (D:5)
  An ice beast (D:5)
  2 howler monkeys
  A jelly (D:6)
  2 orc priests (D:4)
  An orc wizard (D:4)
  A worker ant (D:6)
  4 gnolls (D:6)
  7 adders
  An adder zombie (D:5)
  A dart slug (D:1)
  2 leopard geckos (D:1)
  13 orcs
  5 giant cockroaches
  3 goblins (D:1)
  8 hobgoblins
  5 jackals
  A quokka (D:2)
  A ball python (D:2)
  5 bats
  5 kobolds
  3 rats
73 creatures vanquished.

Notes
Turn   | Place    | Note
-------+----------+-------------------------------------------
     0 | D:1      | Calico the Felid Berserker began the quest for the Orb.
     0 | D:1      | Reached XP level 1. HP: 10/10 MP: 2/2
   228 | D:1      | Reached XP level 2. HP: 11/14 MP: 3/3
   742 | D:2      | Reached ** piety under Trog
   743 | D:2      | Reached XP level 3. HP: 16/17 MP: 4/4
  1129 | D:2      | Reached skill level 5 in Dodging
  1129 | D:2      | Reached XP level 4. HP: 19/21 MP: 5/5
  1187 | D:3      | Found a sacrificial altar of Ru.
  1482 | D:3      | You fall into a shaft and drop 3 floors!
  1501 | D:6      | Reached XP level 5. HP: 22/24 MP: 6/6
  1737 | D:5      | Entered Level 5 of the Dungeon
  1737 | D:5      | Noticed an ice beast
  1739 | D:5      | Noticed a water moccasin
  1754 | D:5      | Killed a water moccasin
  1754 | D:5      | Reached skill level 5 in Unarmed Combat
  1754 | D:5      | Gained mutation: You are covered in thick fur. (AC +2)
                  | [Felid growth]
  1754 | D:5      | Reached XP level 6. HP: 28/28 MP: 7/7
  1760 | D:5      | Killed an ice beast
  2099 | D:4      | Reached XP level 7. HP: 31/31 MP: 8/8
  2138 | D:4      | HP: 1/31 [orc priest/nerve-wracking pain (10)]
  2140 | D:4      | Killed from afar by an orc priest
  2141 | D:4      | Reached XP level 6. HP: -8/28 MP: 7/7
  2190 | D:4      | Found a staircase to the Ecumenical Temple.
  2280 | D:4      | Demolished by an ogre
  2281 | D:4      | Reached XP level 5. HP: -19/25 MP: 6/6
  2281 | D:4      | Quit the game

Levels and vault maps discovered:
D:1:      kennysheep_arrival_seaside, layout_rooms, serial_rivers,
          chequers_serial_rivers_micro_e, chequers_serial_rivers_small_b,
          chequers_serial_rivers_small_3, chequers_serial_rivers_room_b,
          chequers_serial_rivers_small_3, chequers_serial_rivers_large_b
D:2:      layout_basic
D:3:      layout_loops_cross, nicolae_ru_path_of_blood
D:4:      minmay_opposing_rooms, layout_loops_corners,
          minmay_temple_entry_stoned_glass, gup_sewer_entry_bowl, first_ration
D:5:      layout_rooms
D:6:      layout_rooms

Skill      XL: |  1  2  3  4  5  6 |
---------------+-------------------+-----
Dodging        | 5 6 |  6.7
Unarmed Combat | 4 5 6 |  6.7
Fighting       | |  3.8

Action                   |  1- 3 |  4- 6 |  7- 9 || total
-------------------------+-------+-------+-------++-------
Melee: Unarmed           |    95 |   104 |    12 ||   211
       Bite              |    10 |    14 |     3 ||    27
       Punch             |       |     1 |     1 ||     2
Invok: Berserk           |     1 |     3 |       ||     4
  Use: Potion            |     1 |       |       ||     1
 Stab: Sleeping          |     4 |       |       ||     4
  Eat: Chunk             |     8 |    10 |     1 ||    19
Armor: Skin              |     4 |     2 |     1 ||     7
Dodge: Dodged            |    82 |    71 |    10 ||   163
